House, neutral female human Healer --- | ---- |..... ----.<| --.........GG.| |...........G.--- |.. -...----f@G- - ... ......... ... -----.G.--- ..>. |..-- .... -..- -... ... --- ..-- ..- .. -..- |..| ---- House the Rhizotomist Experience level: 1 Strength: 9 Dexterity: 8 Constitution: 16 Intelligence: 8 Wisdom: 18 Charisma: 17 Health: 0(20) Energy: 5(5) Def: 6 Gold: 295 Moves: 1756 Dungeon seed: 0O4EKB_RjYdnPPtj Game ID: House_1623250424 Your Inventory: Coins $ - 295 gold pieces Weapons a - an uncursed +0 scalpel (weapon in hand) q - an uncursed +0 orcish dagger t - a blessed +0 orcish dagger G - 36 cursed +0 darts Armor e - an uncursed +1 pair of leather gloves (being worn) n - a cursed -1 orcish helm z - an uncursed +0 dwarvish iron helm (being worn) N - an uncursed +0 dwarvish cloak (being worn) Y - an uncursed +0 pair of iron shoes (being worn) Comestibles k - 7 blessed eucalyptus leaves I - an uncursed lichen corpse Scrolls p - an uncursed scroll of identify B - an uncursed scroll of charging Potions c - 4 uncursed potions of healing d - 4 uncursed potions of extra healing m - an uncursed potion of hallucination v - an uncursed potion of sleeping Wands f - an uncursed wand of sleep (0:4) A - an uncursed wand of make invisible (0:0) Tools b - an uncursed stethoscope l - an uncursed oil lamp (0:1230) y - an uncursed +0 pick-axe D - a cursed tallow candle (0:200) Gems r - 3 uncursed worthless pieces of white glass E - 2 uncursed chrysoberyl stones Spells and supernatural/magical abilities: Name Level Category Cost Memory h - healing 1 healing 5pw 98% x - extra healing 3 healing 41pw 98% S - stone to flesh 3 healing 62pw 98% W - pray for help -- divine ? -- Your skills at the end: Fighting Skills wands [Basic] Weapon Skills knife [Basic] Spellcasting Skills healing spells [Basic] Final Attributes: You were fervently aligned. You were immune to poison. Hermes was noncommittal. You are dead. Vanquished creatures: 2 gnome lords 2 dwarves 2 hobbits 2 giant rats a brown mold a yellow mold 8 gnomes 2 geckos 7 jackals 2 foxes 4 goblins 2 sewer rats 4 grid bugs a lichen 4 newts 44 creatures vanquished. Voluntary challenges: You were an atheist. You used a wielded weapon 24 times, starting on turn 514. You read items or engraved 2 times, starting on turn 451. You never genocided any monsters. You never polymorphed an object. You never changed form. You used no wishes. You never split a pudding. You never wrote Elbereth's name. You never violated your personal moral code. Dungeon overview: The Dungeons of Doom: levels 1 to 3 Level 1 a long staircase Level 2 a scroll shop, a fountain Level 3 stairs to The Gnomish Mines The Gnomish Mines: levels 4 to 5 Level 4 stairs to The Dungeons of Doom Level 5 <- You were here History has recorded: On T:1 you entered the Dungeons of Doom to retrieve the Amulet of Yendor! On T:448 you reached level 2 of The Dungeons of Doom. On T:899 you reached level 3 of The Dungeons of Doom. On T:952 you reached level 1 of The Gnomish Mines. On T:1708 you reached level 2 of The Gnomish Mines. Score breakdown: Gold: 0 ( 0 points) Experience: 1 level ( 0 points) Exploration: 5 levels ( 10.42%) ( 8751 points) Discoveries: 1 item ( 0.34%) ( 1743 points) Valuables value: (no points given unless you survive) Artifact value: 0 ( 0 points) Variety of kills: 15 monsters ( 3.95%) ( 5960 points) Turncount: 1756 turns ( 0 points) Survival: died (score multiplied by 80%) Total score: 13163 Latest messages: You hear a distant zap. The sleep ray hits the large cat! The sleep ray bounces! The sleep ray hits the large cat! The gnome lady zaps a wand of sleep! The sleep ray hits you! The sleep ray bounces! The sleep ray hits you! The sleep ray hits the gnome lady! The sleep ray hits the gnome! The gnome hits! The arrow misses the large cat. The gnome hits! The combat suddenly awakens you. [4 turns] The gnome queen zaps a wand of sleep! The sleep ray hits you! The sleep ray hits the large cat! The sleep ray bounces! The sleep ray hits the large cat! The gnome queen swings her bow at you. The gnome queen hits! The gnome picks up a sling from the floor. The gnome queen swings her bow at you. The gnome queen hits! You die... Final status: Goodbye House the Healer, killed by a gnome queen, while sleeping... You died in The Gnomish Mines on dungeon level 5 with 13163 points, and 295 pieces of gold, after 1756 moves. You were level 1 with a maximum of 20 hit points when you died.